 Dungeon Crawl Stone Soup version 0.28-a0-105-g49a0850c41 (webtiles) character file.

Game seed: 1191078368171684135

124 Rennog the Insei (level 5, 0/40 HPs)
             Began as a Gnoll Transmuter on Aug 11, 2021.
             Was an Initiate of Cheibriados.
             Fell down a flight of stairs (1 damage)
             ... on level 4 of the Dungeon.
             The game lasted 00:03:56 (2640 turns).

Rennog the Insei (Gnoll Transmuter)                 Turns: 2640, Time: 00:03:58

Health: 0/40       AC:  2    Str: 12    XL:     5   Next: 8%
Magic:  11/12      EV: 14    Int: 13    God:    Cheibriados [......]
Gold:   135        SH:  0    Dex: 19    Spells: 11/14 levels left

rFire   . . .      SeeInvis .   b - +2 mace (protect)
rCold   . . .      Faith    .   (no shield)
rNeg    . . .      Spirit   .   a - +0 robe
rPois   .          Reflect  .   (helmet currently unavailable)
rElec   .          Harm     .   p - scarf {+Inv}
rCorr   .          Rampage  .   (no gloves)
Will    .....                   (boots currently unavailable)
Stlth   +.........              (no amulet)
HPRegen 0.13/turn               g - +6 ring of dexterity
MPRegen 0.13/turn               (no ring)

@: confused, appendages (expiring), wereblooded, very slow
A: horns 2, talons 2, fangs 1, strong nose, distributed training
a: End Transformation, Renounce Religion, Evoke Invisibility, Bend Time


You were on level 4 of the Dungeon.
You worshipped Cheibriados.
Cheibriados was noncommittal.
You had temporarily grown beastly horns and talons.
You visited 1 branch of the dungeon, and saw 4 of its levels.

You collected 135 gold pieces.

Inventory:

Hand Weapons
 b - a +2 mace of protection (weapon)
Armour
 a - a +0 robe (worn)
 c - a +0 chain mail
 l - a +0 cloak
 p - a scarf of invisibility (worn)
Jewellery
 g - a +6 ring of dexterity (left hand)
 s - a ring of protection from cold
Wands
 t - a wand of iceblast (10)
Scrolls
 e - a scroll of vulnerability {unknown}
 f - 2 scrolls of fog {unknown}
 h - a scroll of teleportation {unknown}
 j - 4 scrolls of identify {unknown}
 k - 2 scrolls of enchant weapon {unknown}
 n - a scroll of holy word {unknown}
Potions
 d - a potion of resistance {unknown}
 i - 2 potions of flight {unknown}
 m - a potion of magic {unknown}
 o - a potion of attraction {unknown}
 q - a potion of lignification {unknown}
 r - a potion of mutation {unknown}


   Skills:
 + Level 2.9 Fighting
 + Level 1.3 Short Blades
 + Level 1.3 Long Blades
 + Level 1.3 Axes
 + Level 1.3 Maces & Flails
 + Level 1.3 Polearms
 + Level 1.3 Staves
 + Level 1.3 Slings
 + Level 1.3 Bows
 + Level 1.3 Crossbows
 + Level 1.3 Throwing
 + Level 1.3 Armour
 + Level 4.7 Dodging
 + Level 1.3 Stealth
 + Level 1.3 Shields
 + Level 6.6 Unarmed Combat
 + Level 5.1 Spellcasting
 + Level 1.1 Conjurations
 + Level 1.1 Hexes
 + Level 1.1 Summonings
 + Level 1.1 Necromancy
 + Level 1.1 Translocations
 + Level 3.9 Transmutations
 + Level 1.1 Fire Magic
 + Level 1.1 Ice Magic
 + Level 1.1 Air Magic
 + Level 1.1 Earth Magic
 + Level 1.1 Poison Magic
 + Level 1.5 Invocations
 + Level 1.3 Evocations


You had 11 spell levels left.
You knew the following spells:

 Your Spells              Type           Power      Damage    Failure   Level
a - Beastly Appendage     Tmut           26%        N/A       3%          1
b - Wereblood             Tmut           13%        N/A       5%          2

Your spell library contained the following spells:

 Spells                   Type           Power      Damage    Failure   Level
 Spider Form              Tmut/Pois      4%         N/A       21%         3
 Ice Form                 Ice/Tmut       9%         N/A       54%         4


Dungeon Overview and Level Annotations

Branches:
Dungeon (4/15)
 Temple: D:4-7

Altars:
Cheibriados
Gozag
Hepliaklqana
Okawaru
Xom


Innate Abilities, Weirdness & Mutations

You have temporarily grown beastly horns and talons.
You have very sharp teeth.
Your uncanny sense of smell can sniff out nearby items.
Your experience applies equally to all skills.


Message History

Your bite misses the orc wizard.
The orc wizard is moderately wounded.
The orc wizard misses you. The orc hits you but does no damage.
The orc wizard mumbles some strange words.
The orc wizard flickers and vanishes!
Deactivating autopickup; reactivate with Ctrl-A.
You barely miss the orc.
The orc shouts!
Your kick misses the orc. Your headbutt misses the orc.
You howl as the wereblood boils in your veins!
The orc hits you with a +0 flail. Something completely misses you.
The orc barely misses you.
You closely miss something. You claw something. Something hits you.
The orc hits you with a +0 flail!
The orc priest begins to cast a cantrip, but forgets the words!
You closely miss something. You bite something. Something hits you.
The orc hits you with a +0 flail. Something hits you.
You hit the orc priest.
Your weapon exudes an aura of protection.
The orc priest is lightly wounded.
The orc hits you but does no damage.
The orc priest mumbles some strange prayers to Beogh against you.
Beogh smites you!
* * * LOW HITPOINT WARNING * * *
Something hits you but does no damage. The orc completely misses you.
The orc priest hits you but does no damage.
Your transformation is almost over.
Something hits you.
* * * LOW HITPOINT WARNING * * *
Something hits you.
* * * LOW HITPOINT WARNING * * *
There is a stone staircase leading up here.
The orc priest calls down the wrath of Beogh upon you.
Pain shoots through your body!
* * * LOW HITPOINT WARNING * * *
You hear some strange, mumbled words.
You are confused.
The orc closely misses you.
In your confused state, you trip and fall back down the stairs.
You die...

.. .# .# ##.. .. ...
#...##.# ##..# .
...#.###....... ..
........(..... #.
#..............
##.##.............. . .
#......@o.....##..... ..
##...o.o###...##..#.##.#
#...........#.......#..#
#.[..†#...........#....#
.......##....##........##
.......####..##..........
........###.........#....
....................# ##
...........##.......#####


You could see an orc priest and 2 orcs.

Vanquished Creatures
  An orc wizard (D:3)
  2 adders (D:3)
  5 orcs (D:3)
  4 endoplasms
  4 giant cockroaches
  4 goblins
  3 hobgoblins
  9 jackals
  4 quokkas
  8 ball pythons
  9 bats
  5 frilled lizards
  7 kobolds
  5 rats
70 creatures vanquished.

Notes
Turn   | Place    | Note
-------+----------+-------------------------------------------
     0 | D:1      | Rennog the Gnoll Transmuter began the quest for the Orb.
     0 | D:1      | Reached XP level 1. HP: 17/17 MP: 6/6
   172 | D:1      | Reached XP level 2. HP: 13/23 MP: 7/7
   948 | D:2      | Learned a level 2 spell: Wereblood
   956 | D:2      | Found a faded altar of an unknown god.
  1028 | D:2      | Reached XP level 3. HP: 28/28 MP: 7/9
  1100 | D:2      | Reached skill level 5 in Spellcasting
  1253 | D:2      | Reached skill level 1 in Invocations
  1711 | D:3      | Reached skill level 1 in Short Blades
  1711 | D:3      | Reached skill level 1 in Long Blades
  1711 | D:3      | Reached skill level 1 in Axes
  1711 | D:3      | Reached skill level 1 in Maces & Flails
  1711 | D:3      | Reached skill level 1 in Polearms
  1711 | D:3      | Reached skill level 1 in Staves
  1711 | D:3      | Reached skill level 1 in Slings
  1711 | D:3      | Reached skill level 1 in Bows
  1711 | D:3      | Reached skill level 1 in Crossbows
  1711 | D:3      | Reached skill level 1 in Throwing
  1711 | D:3      | Reached skill level 1 in Armour
  1711 | D:3      | Reached skill level 1 in Stealth
  1711 | D:3      | Reached skill level 1 in Shields
  1711 | D:3      | Reached skill level 1 in Evocations
  1936 | D:3      | Reached XP level 4. HP: 33/34 MP: 9/11
  1973 | D:3      | Found a shimmering altar of Xom.
  2005 | D:3      | Reached skill level 1 in Conjurations
  2005 | D:3      | Reached skill level 1 in Hexes
  2005 | D:3      | Reached skill level 1 in Summonings
  2005 | D:3      | Reached skill level 1 in Necromancy
  2005 | D:3      | Reached skill level 1 in Translocations
  2005 | D:3      | Reached skill level 1 in Fire Magic
  2005 | D:3      | Reached skill level 1 in Ice Magic
  2005 | D:3      | Reached skill level 1 in Air Magic
  2005 | D:3      | Reached skill level 1 in Earth Magic
  2005 | D:3      | Reached skill level 1 in Poison Magic
  2082 | D:3      | Found a hazy altar of Hepliaklqana.
  2119 | D:3      | Found a snail-covered altar of Cheibriados.
  2125 | D:3      | Became a worshipper of Cheibriados the Contemplative
  2272 | D:3      | Reached XP level 5. HP: 40/40 MP: 12/12
  2385 | D:3      | Found an iron altar of Okawaru.
  2468 | D:4      | Found an opulent altar of Gozag.
  2639 | D:4      | HP: 1/40 [orc priest/nerve-wracking pain (4)]
  2640 | D:4      | Fell down a flight of stairs

Illustrated notes

Levels and vault maps discovered:
D:1:      lightli_arrival_noodles, layout_rooms
D:2:      layout_loops_ring, hellmonk_ecumenical_altar_run_dry,
          due_unseen_surprise
D:3:      layout_rooms, mainiacjoe_overflow_alcove_1,
          mainiacjoe_overflow_brackets, cheibriados_altar_1,
          mainiacjoe_overflow_24_doors, st_stairs_8, hangedman_decor_points,
          minmay_misc_feat_secret_circle, hangedman_decor_growths,
          amethyst_killhole, chequers_decorated_corner, minmay_misc_feat_doors
D:4:      layout_cave_pools, kennysheep_mini_moat, grunt_gozag_breadcrumbs,
          minmay_surrounded, uniq_blork_the_orc

Skill      XL: |  1  2  3  4 |
---------------+-------------+-----
Spellcasting   | 5 |  5.1
Invocations    | 1 |  1.5
Short Blades   | 1 |  1.3
Long Blades    | 1 |  1.3
Axes           | 1 |  1.3
Maces & Flails | 1 |  1.3
Polearms       | 1 |  1.3
Staves         | 1 |  1.3
Slings         | 1 |  1.3
Bows           | 1 |  1.3
Crossbows      | 1 |  1.3
Throwing       | 1 |  1.3
Armour         | 1 |  1.3
Stealth        | 1 |  1.3
Shields        | 1 |  1.3
Evocations     | 1 |  1.3
Conjurations   | 1 |  1.1
Hexes          | 1 |  1.1
Summonings     | 1 |  1.1
Necromancy     | 1 |  1.1
Translocations | 1 |  1.1
Fire Magic     | 1 |  1.1
Ice Magic      | 1 |  1.1
Air Magic      | 1 |  1.1
Earth Magic    | 1 |  1.1
Poison Magic   | 1 |  1.1
Fighting       | |  2.9
Dodging        | |  4.7
Unarmed Combat | |  6.6
Transmutations | |  3.9

Action                   |  1- 3 |  4- 6 || total
-------------------------+-------+-------++-------
Melee: Mace              |   101 |    40 ||   141
       Bite              |     6 |     5 ||    11
       Kick              |    18 |     9 ||    27
       Headbutt          |     5 |     7 ||    12
       Punch             |     2 |     1 ||     3
 Cast: Beastly Appendage |    23 |     9 ||    32
       Wereblood         |       |     2 ||     2
 Stab: Sleeping          |     2 |     3 ||     5
Armor: Chain mail        |    30 |       ||    30
       Robe              |    17 |    22 ||    39
Dodge: Dodged            |    72 |    50 ||   122

Table legend: (Time is in decaauts)
 A = Elapsed time spent in this place.
 B = Non-inter-level travel time spent in this place.
 C = Inter-level travel time spent in this place.
 D = Time resting spent in this place.
 E = Time spent auto-exploring this place.
 F = Levels seen in this place.
 G = Mean time per level.
                   A        B        C        D        E       F      G
               +--------+--------+--------+--------+--------+-----+--------+
         Total |   2792 |   2689 |    103 |     73 |   2108 |   4 |  698.0 |
       Dungeon |   2792 |   2689 |    103 |     73 |   2108 |   4 |  698.0 |
               +--------+--------+--------+--------+--------+-----+--------+

Top non-repeatable levels by time:
     D:1: 955 daAuts
     D:3: 940 daAuts
     D:2: 763 daAuts
     D:4: 132 daAuts
